 Dungeon Sprint DCSS version 0.20.1-1-g8b1a95d (webtiles) character file.

4000000 ucho the Invulnerable (level 24, -5/249 HPs)
             Began as a Minotaur Berserker on Nov 16, 2017.
             Was the Champion of Trog.
             Slain by a meat berserker
             ... wielding a +9 battleaxe
              (8 damage)
             ... in the Dungeon (Sprint VIII: "Arena of Blood").
             The game lasted 00:03:18 (40 turns).

ucho the Invulnerable (Minotaur Berserker)            Turns: 40, Time: 00:03:19

Health: -5/249     AC:  4    Str: 23    XL:     24   Next: 24%
Magic:  22/22      EV: 35    Int:  4    God:    Trog [******]
Gold:   0          SH:  0    Dex: 21    Spells: 23/23 levels left

rFire    . . .     SeeInvis .   j - +∞ Axe of Woe
rCold    . . .     Gourm    .   (shield currently unavailable)
rNeg     . . .     Faith    .   b - +0 animal skin
rPois    .         Spirit   .   (helmet restricted)
rElec    .         Reflect  .   (no cloak)
rCorr    .         Harm     .   (no gloves)
MR       +++..     NoTele   +   (no boots)
Stlth    +++++++++.             (no amulet)
Regen    1.6/turn               k - +30 ring of slaying
MPRegen  0.2/turn               (no ring)

@: berserk cooldown, regenerating, slowed, very slow
A: retaliatory headbutt, horns 2
a: Berserk, Trog's Hand, Brothers in Arms, Burn Spellbooks, Renounce Religion


You were in the Dungeon.
You worshipped Trog.
Trog was exalted by your worship.
You were not hungry.

You visited 1 branch

Inventory:

Hand Weapons
 a - a +0 hand axe
 j - the +∞ Axe of Woe (weapon)
   (You found it in the Dungeon)
Armour
 b - a +0 animal skin (worn)
Jewellery
 k - a +30 ring of slaying (left hand)
Scrolls
 i - a scroll of blinking
Potions
 d - a potion of curing
 e - a potion of heal wounds
 f - a potion of haste
 g - 2 potions of magic
 h - a potion of berserk rage
Comestibles
 c - a bread ration


   Skills:
 O Level 27 Fighting
 O Level 27 Axes
 O Level 27 Throwing
 O Level 27 Armour
 O Level 27 Dodging
 O Level 27 Stealth
 O Level 27 Unarmed Combat


You had 23 spell levels left.
You didn't know any spells.

Dungeon Overview and Level Annotations

Branches:
Dungeon (1/1)

Altars:
Makhleb


Innate Abilities, Weirdness & Mutations

You reflexively headbutt those who attack you in melee.
You have a pair of horns on your head.


Message History

You destroy the destroyer!
Trog accepts your kill.
Trog appreciates your killing of a magic user.
Something appears at your feet! Trog grants you a gift!
You have reached level 24!
Your experience leads to an increase in your attributes!
Increase (S)trength, (I)ntelligence, or (D)exterity?
You feel agile. x2
You are engulfed in blazing flames.
* * * LOW HITPOINT WARNING * * *
You hear a shout! x6
Your deep troll bites the meat berserker.
Your deep troll claws the meat berserker.
Your deep troll barely misses the meat berserker.
The destroyer blinks!
The corpses begin to drag themselves along the ground!
The meat berserker is engulfed in blazing flames.
The meat berserker hits you with a +9 battleaxe!
You die...

o.. .. #o. .# .
#.. .§# ..###.V
..###.
....x.###....oo
....V_..§o.O
#%))Tx# #_X@O_#
#))§).#
....§§§V.%V.
....%.###.....%
.o###.. ..###O
. #.. ..# #..
.# ... ..


You could see 4 destroyers, a large abomination, 2 meat berserkers, 5 bags of
meat, 2 crawling corpses and a friendly deep troll (berserk).

Vanquished Creatures
  3 vampire knights (D)
  13 ogres (D)
  A two-headed ogre (D)
  16 orcs (D)
  2 skeletal warriors (D)
  A large abomination (D)
  4 small abominations (D)
  2 crawling corpses (D)
42 creatures vanquished.

Notes
Turn   | Place    | Note
-------+----------+-------------------------------------------
     0 | D        | ucho the Minotaur Berserker began the quest for the Orb.
     0 | D        | Reached XP level 1. HP: 19/19 MP: 0/0
     3 | D        | Noticed a meat berserker
     4 | D        | Noticed a bag of meat
     4 | D        | Noticed a bag of meat
     6 | D        | Noticed a bag of meat
     6 | D        | Noticed a meat berserker
     6 | D        | Killed a meat berserker
     6 | D        | Reached XP level 2. HP: 55/55 MP: 1/1
     6 | D        | Reached XP level 3. HP: 62/62 MP: 2/2
     6 | D        | Reached XP level 4. HP: 70/70 MP: 3/3
     6 | D        | Reached XP level 5. HP: 77/77 MP: 4/4
     6 | D        | Reached XP level 6. HP: 85/85 MP: 5/5
     6 | D        | Reached XP level 7. HP: 92/92 MP: 6/6
     6 | D        | Reached XP level 8. HP: 101/101 MP: 7/7
     6 | D        | Reached XP level 9. HP: 107/107 MP: 8/8
     6 | D        | Reached XP level 10. HP: 115/115 MP: 9/9
     6 | D        | Reached XP level 11. HP: 123/123 MP: 10/10
     6 | D        | Reached XP level 12. HP: 130/130 MP: 11/11
     6 | D        | Reached XP level 13. HP: 138/138 MP: 12/12
     7 | D        | Noticed a bag of meat
     7 | D        | Noticed a meat berserker
     7 | D        | Killed a bag of meat
     7 | D        | Reached ** piety under Trog
     9 | D        | Noticed a meat berserker
    10 | D        | Noticed a bag of meat
    11 | D        | Killed a bag of meat
    11 | D        | Reached XP level 14. HP: 155/155 MP: 13/13
    12 | D        | Killed a bag of meat
    13 | D        | Noticed a meat berserker
    13 | D        | Killed a meat berserker
    13 | D        | Reached *** piety under Trog
    13 | D        | Reached XP level 15. HP: 144/170 MP: 14/14
    14 | D        | Killed a meat berserker
    14 | D        | Reached skill level 27 in Fighting
    14 | D        | Reached skill level 27 in Axes
    14 | D        | Reached skill level 27 in Armour
    14 | D        | Reached XP level 16. HP: 155/183 MP: 15/15
    16 | D        | Killed a meat berserker
    16 | D        | Reached skill level 27 in Dodging
    16 | D        | Reached skill level 10 in Throwing
    17 | D        | Killed a meat berserker
    17 | D        | Reached skill level 15 in Throwing
    17 | D        | Reached XP level 17. HP: 163/191 MP: 16/16
    18 | D        | Noticed a meat berserker
    19 | D        | Reached **** piety under Trog
    19 | D        | Reached skill level 15 in Stealth
    21 | D        | Noticed a meat berserker
    21 | D        | Killed a meat berserker
    21 | D        | Received a gift from Trog
    21 | D        | Reached XP level 18. HP: 172/200 MP: 17/17
    22 | D        | Noticed a meat berserker
    24 | D        | Killed a meat berserker
    24 | D        | Reached ***** piety under Trog
    24 | D        | Reached XP level 19. HP: 120/207 MP: 18/18
    25 | D        | Received a gift from Trog
    26 | D        | Noticed a meat berserker
    26 | D        | Received a gift from Trog
    26 | D        | Reached skill level 27 in Unarmed Combat
    28 | D        | Killed a meat berserker
    28 | D        | Reached skill level 27 in Throwing
    28 | D        | Reached skill level 27 in Stealth
    30 | D        | Killed a meat berserker
    30 | D        | Reached XP level 20. HP: 49/216 MP: 19/19
    31 | D        | Received a gift from Trog
    32 | D        | Noticed a meat berserker
    33 | D        | Noticed a meat berserker
    34 | D        | Noticed a meat berserker
    34 | D        | Received a gift from Trog
    34 | D        | Reached XP level 21. HP: 58/224 MP: 20/20
    35 | D        | Noticed a destroyer
    35 | D        | Noticed a destroyer
    35 | D        | Reached ****** piety under Trog
    35 | D        | Received a gift from Trog
    36 | D        | Killed a destroyer
    36 | D        | Received a gift from Trog
    36 | D        | Reached XP level 22. HP: 63/233 MP: 21/21
    37 | D        | Noticed a large bag of meat
    37 | D        | Noticed a destroyer
    38 | D        | Noticed a destroyer
    39 | D        | Noticed a destroyer
    39 | D        | Received a gift from Trog
    39 | D        | Killed a destroyer
    39 | D        | Reached XP level 23. HP: 70/240 MP: 22/22
    40 | D        | Received a gift from Trog
    40 | D        | Received a gift from Trog
    40 | D        | Killed a large bag of meat
    40 | D        | Killed a destroyer
    40 | D        | Received a gift from Trog
    40 | D        | Reached XP level 24. HP: 22/249 MP: 22/22
    40 | D        | HP: 1/249 [something (21)]
    40 | D        | Slain by a meat berserker

Skill      XL: |  1  2  3  4  5  6  7  8  9 10 11 12 13 14 15 16 17 18 19 |
---------------+----------------------------------------------------------+-----
Fighting       | 19 22 25 27 | 27.0
Axes           | 19 22 25 27 | 27.0
Armour         | 19 22 25 27 | 27.0
Dodging        | 18 20 23 25 27 | 27.0
Throwing       | 15 19 24 27 | 27.0
Stealth        | 14 18 22 27 | 27.0
Unarmed Combat | 16 21 25 27 | 27.0

Action                   |  1- 3 |  4- 6 |  7- 9 | 10-12 | 13-15 | 16-18 | 19-21 | 22-24 || total
-------------------------+-------+-------+-------+-------+-------+-------+-------+-------++-------
Melee: Executioner's axe |     1 |       |       |       |     5 |     5 |    10 |     3 ||    24
Invok: Berserk           |     1 |       |       |       |       |       |       |       ||     1
       Trog's Hand       |       |       |       |       |       |       |     1 |       ||     1
       Brothers in Arms  |       |       |       |       |       |       |       |     1 ||     1
Dodge: Dodged            |       |       |       |       |       |       |       |     3 ||     3
